 Dungeon Crawl Stone Soup version 0.31-a0-175-g9f7f995f2b (webtiles) character file.

Game seed: 13627746052676077740

53280 Dylgear the Carver (level 14, -3/106 HPs)
             Began as a Demonspawn Fighter on June 16, 2023.
             Was a High Priest of Wu Jian.
             Slain by an ice devil (9 damage)
             ... on level 5 of the Lair of Beasts.
             The game lasted 02:02:17 (21278 turns).

Dylgear the Carver (Demonspawn Fighter)            Turns: 21278, Time: 02:02:17

Health: -3/106     AC: 21    Str: 22    XL:     14   Next: 30%
Magic:  14/14      EV: 18    Int: 12    God:    Wu Jian [*****.]
Gold:   1191       SH: 11    Dex: 13    Spells: 13/13 levels left

rFire   . . .        n - +9 falchion "Vokaa" {vamp, +Blink Int+2 Dex-2}
rCold   . . .        c - +0 buckler
rNeg    . . .        f - +0 chain mail
rPois   .            (no helmet)
rElec   +            R - +2 cloak of Abstinence {Fly rElec rCorr Str+3}
rCorr   +            T - +0 pair of gloves
SInv    .            (no boots)
Will    +....        O - amulet of reflection Stlth
                     b - +5 ring of evasion
HPRegen 0.37/turn    s - +4 ring of protection
MPRegen 0.28/turn

%: reflection
@: flying
A: claws 2, repulsion field 2, demonic guardian 3, magic regeneration
a: Renounce Religion, Evoke Blink, Wall Jump, Serpent's Lash, Heavenly Storm


You were on level 5 of the Lair of Beasts.
You worshipped Wu Jian.
Wu Jian was extremely pleased with you.
You visited 3 branches of the dungeon, and saw 19 of its levels.
You also visited: Gauntlet.

You collected 1191 gold pieces.

Inventory:

Hand Weapons
 a - a +3 mace of protection
 n - the +9 falchion "Vokaa" (weapon) {vamp, +Blink Int+2 Dex-2}
   (You found it on level 3 of the Dungeon)

   Int:       It affects your intelligence (+2).
   Dex:       It affects your dexterity (-2).
   +Blink:    It lets you blink.
 y - a +5 war axe of chaos
 N - a +4 morningstar
Missiles
 D - a throwing net
 P - 10 boomerangs
Armour
 c - a +0 buckler (worn)
 d - a +2 cloak
 f - a +0 chain mail (worn)
 R - the +2 cloak of Abstinence (worn) {Fly rElec rCorr Str+3}
   (You found it in a Gauntlet)

   Str:       It affects your strength (+3).
   rElec:     It insulates you from electricity.
   Fly:       It grants you flight.
   rCorr:     It protects you from acid and corrosion.
 T - a +0 pair of gloves (worn)
Jewellery
 b - a +5 ring of evasion (left hand)
 e - a ring of flight
 o - a ring of fire
 r - a ring of see invisible
 s - a +4 ring of protection (right hand)
 t - an amulet of faith
 w - an amulet of regeneration
 H - the ring "Kianam" {Fly rElec rC++ Str-5 Dex+4}
   (You found it on level 9 of the Dungeon)

   [ring of flight]

   Str:       It affects your strength (-5).
   Dex:       It affects your dexterity (+4).
   rC:        It greatly protects you from cold.
   rElec:     It insulates you from electricity.
   Fly:       It grants you flight.
 J - a +6 ring of strength
 O - an amulet of reflection (around neck)
 S - the ring "Erujeo" {rPois rC+++ rN+ Int-5 SInv Stlth+}
   (You found it in a Gauntlet)

   [ring of poison resistance]

   Int:       It affects your intelligence (-5).
   rC:        It renders you almost immune to cold.
   rPois:     It protects you from poison.
   rN:        It protects you from negative energy.
   SInv:      It lets you see invisible.
   Stlth:     It makes you more stealthy.
Wands
 g - a wand of flame (29)
 l - a wand of paralysis (10)
 p - a wand of iceblast (14)
 q - a wand of polymorph (8)
 E - a wand of mindburst (9)
 U - a wand of light (7)
Scrolls
 i - 3 scrolls of teleportation
 j - 2 scrolls of silence
 k - 4 scrolls of revelation
 z - 6 scrolls of identify
 B - 4 scrolls of enchant weapon
 F - a scroll of blinking
 G - 2 scrolls of butterflies
 I - a scroll of enchant armour
 Q - 2 scrolls of fog
Potions
 h - 8 potions of ambrosia
 m - 2 potions of attraction
 u - a potion of cancellation
 v - 3 potions of mutation
 x - 2 potions of magic
 A - a potion of berserk rage
 C - 3 potions of enlightenment
 K - 2 potions of resistance
 L - a potion of lignification
 M - 3 potions of curing


   Skills:
 + Level 8.9 Fighting
 * Level 14.3 Long Blades
 * Level 9.4 Axes
 + Level 0.6(5.9) Maces & Flails
 * Level 11.4 Armour
 + Level 4.5 Dodging
 + Level 2.5 Stealth
 + Level 7.5 Shields
 + Level 0.6 Unarmed Combat
 + Level 1.2 Evocations


You had 13 spell levels left.
You didn't know any spells.
Your spell library contained the following spells:

 Spells                   Type           Power      Damage    Failure   Level
 Magic Dart               Conj           0%         1d3       87%         1
 Cigotuvi's Dreadful Rot  Necr/Pois/Air  0%         N/A       95%         2
 Lesser Beckoning         Tloc           0%         N/A       95%         2
 Poisonous Vapours        Pois/Air       0%         N/A       95%         2
 Searing Ray              Conj           0%         2d4       95%         2
 Sublimation of Blood     Necr           0%         N/A       95%         2
 Wereblood                Tmut           0%         N/A       95%         2
 Gell's Gravitas          Tloc           0%         N/A       99%         3
 Ignite Poison            Fire/Tmut/Pois 0%         N/A       99%         3
 Mephitic Cloud           Conj/Pois/Air  0%         N/A       99%         3
 Summon Guardian Golem    Hex/Summ       0%         N/A       99%         3
 Teleport Other           Tloc           0%         N/A       99%         3
 Vhi's Electric Charge    Tloc/Air       0%         N/A       99%         3
 Fulminant Prism          Conj/Hex       0%         3d5       100%        4
 Arcjolt                  Conj/Air       0%         1d10      100%        5
 Freezing Cloud           Conj/Ice/Air   0%         6-21      100%        5
 Orb of Destruction       Conj           0%         9d5       100%        7
 Spellforged Servitor     Conj/Summ      0%         N/A       100%        7
 Summon Hydra             Summ           0%         N/A       100%        7
 Maxwell's Capacitive Co  Air            0%         ∞         100%        8


Dungeon Overview and Level Annotations

Branches:
Dungeon (13/15)            Temple (1/1) D:6            Lair (5/5) D:9
 Shoals (0/4) Lair:3       Spider (0/4) Lair:3        Slime (0/5) Lair:4
    Orc (0/2) D:12         Vaults (0/5) D:13        Gauntlet (visited)

Altars:
Ashenzari
Cheibriados
Dithmenos
Fedhas
Gozag
Hepliaklqana
Kikubaaqudgha
Makhleb
Nemelex Xobeh
Okawaru
Qazlal
Ru
Sif Muna
Trog
Uskayaw
Vehumet
Wu Jian
Xom
Yredelemnul

Shops:
D:1 [   D:2 [

Annotations:
D:13 Rupert, Sonja
Lair:2 3 runed translucent doors, lotum's ghost, journeyman NaCj
Lair:3 1 runed translucent door, Zonian's ghost, journeyman VSGl
Lair:5 3 runed translucent doors, wolfgangpup's ghost, journeyman MiFi


Innate Abilities, Weirdness & Mutations

You have very sharp fingernails.
You are surrounded by a moderate repulsion field. (EV +3)
A powerful demonic guardian rushes to your aid.
You regenerate magic rapidly.


Message History

Unknown command.
Unknown command.
You spin and attack the ice devil repeatedly.
You completely miss the ice devil. You hit the ice devil.
The ice devil is lightly wounded.
You spin and attack the hell beast.
You closely miss the hell beast.
The hell beast is almost dead.
You block the hell beast's attack. The hell beast closely misses you.
The red devil closely misses you. The ice devil hits you!
* * * LOW HITPOINT WARNING * * *
A demonic guardian appears!
The ice devil freezes you!
* * * LOW HITPOINT WARNING * * *
Unknown command.
Unknown command.
Unknown command.
Unknown command.
Unknown command.
Unknown command.
Okay, then.
Okay, then.
Aiming: Wall Jump
Press: ? - help, Dir - move target You repeatedly attack the ice devil from above.
You hit the ice devil but do no damage.
The ice devil is lightly wounded.
You slash the ice devil!
The ice devil is moderately wounded.
You hit the ice devil but do no damage.
The ice devil is moderately wounded.
Your sixfirhy misses the ice devil.
Your sixfirhy hits the ice devil but does no damage.
The hell beast completely misses your sixfirhy. x2
The hell beast closely misses your sixfirhy.
The hell beast completely misses your sixfirhy.
You block the ice devil's attack. The hell beast bites your sixfirhy!!
The hell beast completely misses your sixfirhy.
The red devil barely misses you. The ice devil hits you.
* * * LOW HITPOINT WARNING * * *
The ice devil freezes you!
You die...

≈≈h§...#........#
.§§....#..8.8...#
.344...'...#.8..#
.......#..#.8...#
.......#...8.#..#
###############h.8.#...#♣♣♣♣
#............434..8.8..#♣..♣
#....8....8○42#........#....
#.........°@3.#########'...♣
#######''###### ♣......)...
♣.....♣ ♣♣♣.♣...... ♣♣..♣♣♣
♣♣♣........ ♣♣..♣♣♣
♣♣...♣♣.....
♣♣♣..♣♣♣♣♣.÷.♣♣♣♣....
♣♣♣..♣♣..♣♣♣ ♣...♣ ♣♣♣....♣
♣♣... ♣♣...♣ ♣♣.♣


You could see a hell beast, an ice devil (ally target), a smoke demon, 2 red
devils, a hell hound and a friendly sixfirhy (summoned).

Vanquished Creatures
  A dire elephant (Gauntlet)
  A minotaur (Gauntlet)
  Snorg (Lair:4)
  A hydra (Lair:2)
  A centaur warrior (D:12)
  3 two-headed ogres
  A catoblepas (Lair:1)
  10 death yaks
  4 skysharks
  A cyclops (D:12)
  2 ugly things (D:12)
  6 elephants
  6 cane toads
  An ice statue (Gauntlet)
  3 black mambas (Lair:5)
  2 torpor snails
  An unseen horror (D:12)
  9 rime drakes
  3 unseen horror zombies (D:9)
  5 komodo dragons
  5 trolls
  A queen bee (Lair:1)
  A polar bear (Lair:5)
  A hornet (D:8)
  Prince Ribbit (D:5)
  14 blink frogs
  7 dream sheep
  A shadow (D:11)
  44 yaks
  A wyvern (D:10)
  A human (D:12)
  A wraith (D:11)
  A basilisk (Lair:3)
  6 vampire mosquitoes
  2 steam dragons
  An acid dragon (D:11)
  11 water moccasins
  A hell hound (Lair:5)
  Duvessa (D:5)
  3 orc warriors
  4 sky beasts
  A hornet zombie (D:9)
  2 ice beasts (D:7)
  A black bear (D:5)
  An ogre (D:4)
  6 wolves
  7 centaurs
  A phantom (D:5)
  A kobold brigand (D:9)
  16 bullfrogs
  6 scorpions
  A wyvern zombie (D:9)
  9 wights (D:7)
  Dowan (D:5)
  35 killer bees
  6 howler monkeys
  3 centaur zombies (D:9)
  A hound (D:6)
  2 orc priests
  14 jellies
  Crazy Yiuf (D:3)
  4 iguanas
  Terence (D:2)
  2 sleepcaps (D:6)
  6 orc wizards
  A killer bee zombie (D:9)
  A howler monkey zombie (D:9)
  Robin (D:2)
  2 gnolls
  5 adders
  3 ufetubi
  2 worms
  5 dart slugs
  24 orcs
  3 bats
  9 endoplasms
  2 giant cockroaches
  9 hobgoblins
  6 jackals
  A quokka (D:1)
  12 ball pythons
  5 frilled lizards (D:1)
  11 goblins
  16 kobolds
  7 rats
423 creatures vanquished.

Vanquished Creatures (collateral kills)
  A dire elephant (Lair:5)
  A hydra (Lair:5)
  A death yak (D:9)
  An elephant (Gauntlet)
  2 torpor snails
  A cane toad (D:9)
  A kobold demonologist (D:7)
  A rime drake (Gauntlet)
  2 komodo dragons
  A troll (D:11)
  2 blink frogs
  2 dream sheep (Lair:3)
  3 yaks (Lair:1)
  A basilisk (Lair:5)
  Edmund (D:4)
  A wolf (Gauntlet)
  A bullfrog (Lair:1)
  2 scorpions (Lair:3)
  An orc priest (D:9)
  An orc wizard (D:9)
  An orc (D:7)
  An endoplasm (D:4)
  A hobgoblin (D:4)
  A kobold (D:4)
31 creatures vanquished.

Vanquished Creatures (others)
  A wizard (Lair:5)
1 creature vanquished.

Grand Total: 455 creatures vanquished

Notes
Turn   | Place    | Note
-------+----------+-------------------------------------------
     0 | D:1      | Dylgear the Demonspawn Fighter began the quest for the Orb.
     0 | D:1      | Reached XP level 1. HP: 18/18 MP: 1/1
    62 | D:1      | Gained mutation: You regenerate magic rapidly. [demonic
                  | ancestry]
    62 | D:1      | Reached XP level 2. HP: 21/24 MP: 2/2
   155 | D:1      | Found Toshri's Armour Shop.
   291 | D:1      | Reached XP level 3. HP: 29/29 MP: 3/3
   295 | D:1      | Found a faded altar of an unknown god.
   611 | D:2      | Noticed Robin
   770 | D:2      | Found Yxish's Armour Shoppe.
   872 | D:2      | Killed Robin
   873 | D:2      | Gained mutation: A weak demonic guardian rushes to your
                  | aid. [demonic ancestry]
   873 | D:2      | Reached XP level 4. HP: 31/35 MP: 4/4
  1080 | D:2      | Noticed Terence
  1081 | D:2      | Found a bloodstained altar of Trog.
  1088 | D:2      | Killed Terence
  1556 | D:3      | Found a broken altar of Ashenzari.
  1558 | D:3      | Found a shadowy altar of Dithmenos.
  1601 | D:3      | Identified the +9 falchion "Vokaa" {vamp, +Blink Int+2
                  | Dex-2}
  1880 | D:3      | Found a runed translucent door.
  1881 | D:3      | Noticed Crazy Yiuf
  1890 | D:3      | Killed Crazy Yiuf
  1891 | D:3      | Gained mutation: You have sharp fingernails. [demonic
                  | ancestry]
  1891 | D:3      | Reached XP level 5. HP: 42/42 MP: 5/5
  2016 | D:3      | Found a stormy altar of Qazlal.
  2094 | D:3      | Found a hazy altar of Hepliaklqana.
  2429 | D:4      | Noticed Edmund
  2550 | D:4      | Reached skill level 1 in Long Blades
  2555 | D:4      | Noticed an ogre
  2563 | D:4      | HP: 1/42 [ogre/+0 giant club (20)]
  2565 | D:4      | Killed an ogre
  2566 | D:4      | Reached skill level 2 in Long Blades
  2566 | D:4      | Gained mutation: A demonic guardian rushes to your aid.
                  | [demonic ancestry]
  2566 | D:4      | Reached XP level 6. HP: 1/48 MP: 6/6
  2788 | D:4      | Killed Edmund
  2950 | D:4      | Reached skill level 3 in Long Blades
  2978 | D:4      | Noticed a sky beast
  3089 | D:4      | Identified the +4 whip of Ragnarok {holy, rF- Int+2 Dex+5
                  | SInv}
  3203 | D:4      | Gained mutation: You are surrounded by a mild repulsion
                  | field. (EV +2) [demonic ancestry]
  3203 | D:4      | Reached XP level 7. HP: 45/53 MP: 7/7
  3311 | D:5      | Entered Level 5 of the Dungeon
  3499 | D:5      | Reached skill level 1 in Dodging
  3748 | D:5      | Noticed Dowan
  3749 | D:5      | Noticed Duvessa
  3758 | D:5      | Killed Duvessa
  3759 | D:5      | Reached skill level 4 in Long Blades
  3789 | D:5      | Killed Dowan
  3933 | D:5      | Noticed Prince Ribbit
  3961 | D:5      | Killed Prince Ribbit
  3962 | D:5      | Reached XP level 8. HP: 53/60 MP: 8/8
  4123 | D:6      | Reached skill level 5 in Armour
  4300 | D:6      | Reached skill level 5 in Long Blades
  4414 | D:6      | Found a staircase to the Ecumenical Temple.
  4426 | Temple   | Entered the Ecumenical Temple
  4589 | Temple   | Became a worshipper of the Wu Jian Council
  5523 | D:7      | Reached skill level 5 in Axes
  5532 | D:7      | Reached skill level 6 in Long Blades
  5553 | D:7      | Gained mutation: You are surrounded by a moderate repulsion
                  | field. (EV +3) [demonic ancestry]
  5553 | D:7      | Reached XP level 9. HP: 50/66 MP: 9/9
  5653 | D:7      | Reached * piety under Wu Jian
  5763 | D:7      | Noticed a kobold demonologist
  5796 | D:7      | Noticed a hellwing
  5841 | D:7      | Noticed a hellwing
  5842 | D:7      | Killed a kobold demonologist
  5859 | D:7      | Reached skill level 7 in Long Blades
  6637 | D:8      | Reached skill level 8 in Long Blades
  6833 | D:7      | Reached ** piety under Wu Jian
  6913 | D:7      | Gained mutation: You have very sharp fingernails. [demonic
                  | ancestry]
  6913 | D:7      | Reached XP level 10. HP: 35/73 MP: 10/10
  7082 | D:8      | Reached skill level 5 in Fighting
  7597 | D:9      | Identified the +5 halberd "Buteqev" {freeze, Str+6 Int-5
                  | Stlth+}
  7787 | D:9      | Found an iron altar of Okawaru.
  7841 | D:9      | Identified the ring "Kianam" {Fly rElec rC++ Str-5 Dex+4}
  7899 | D:9      | Found a staircase to the Lair.
  7954 | D:9      | Reached skill level 1 in Stealth
  8008 | D:9      | Reached skill level 9 in Long Blades
  8022 | D:9      | Noticed a two-headed ogre
  8035 | D:9      | Killed a two-headed ogre
  8248 | D:9      | Found a basalt altar of Yredelemnul.
  8268 | D:9      | Reached *** piety under Wu Jian
  8532 | D:10     | Entered Level 10 of the Dungeon
  8535 | D:9      | Upgraded the game from 0.31-a0-174-g85c54bcb58 to
                  | 0.31-a0-175-g9f7f995f2b
  8621 | D:10     | Noticed a two-headed ogre
  8636 | D:10     | Killed a two-headed ogre
  8637 | D:10     | Reached XP level 11. HP: 68/81 MP: 11/11
  8973 | D:10     | Noticed a two-headed ogre
  9014 | D:9      | Reached skill level 10 in Long Blades
  9026 | D:10     | Killed a two-headed ogre
  9035 | D:10     | Reached skill level 5 in Shields
  9185 | D:10     | Noticed an angel
 10826 | D:12     | Reached **** piety under Wu Jian
 11410 | D:12     | Found a staircase to the Orcish Mines.
 11466 | D:12     | Noticed a purple ugly thing
 11487 | D:12     | Killed a purple ugly thing
 11543 | D:12     | Noticed a white ugly thing
 11553 | D:12     | Killed a white ugly thing
 11554 | D:12     | Reached skill level 11 in Long Blades
 11783 | D:13     | Noticed a centaur warrior
 11783 | D:13     | Noticed an orc knight
 11783 | D:13     | Noticed Rupert
 11783 | D:13     | Found a gate to the Vaults.
 11785 | D:13     | Noticed a centaur warrior
 11831 | D:13     | Noticed Sonja
 11831 | D:13     | Noticed a deep elf pyromancer
 11831 | D:13     | Noticed a centaur warrior
 11831 | D:13     | Noticed a centaur warrior
 11832 | D:13     | Noticed a two-headed ogre
 11843 | D:12     | Killed a centaur warrior
 12024 | Lair:1   | Entered Level 1 of the Lair of Beasts
 12026 | Lair:1   | Noticed a death yak
 12026 | Lair:1   | Noticed a death yak
 12026 | Lair:1   | Noticed a death yak
 12026 | Lair:1   | Noticed a death yak
 12026 | Lair:1   | Noticed a death yak
 12063 | D:9      | Killed a death yak
 12064 | D:9      | Reached XP level 12. HP: 42/89 MP: 12/12
 12237 | D:9      | Killed a death yak
 12238 | D:9      | Reached skill level 1 in Evocations
 12240 | D:9      | Killed a death yak
 12387 | D:9      | Killed a death yak
 12412 | D:9      | Killed a death yak
 13181 | Lair:1   | Identified the +5 ring mail "Costuget" {Will+ Str+3}
 13515 | Lair:1   | Reached skill level 12 in Long Blades
 13780 | Lair:1   | Noticed a catoblepas
 13846 | Lair:1   | Killed a catoblepas
 13847 | Lair:1   | Reached skill level 10 in Armour
 14148 | Lair:2   | Noticed a four-headed hydra
 14677 | Lair:2   | Killed a four-headed hydra
 15060 | Lair:2   | Reached ***** piety under Wu Jian
 15094 | Lair:2   | Noticed a seven-headed hydra
 15094 | Lair:2   | Noticed a catoblepas
 15095 | Lair:2   | Noticed lotum's ghost (journeyman NaCj)
 15097 | Lair:2   | Found a runed translucent gate.
 15097 | Lair:2   | Found a runed translucent gate.
 15097 | Lair:2   | Found a runed translucent gate.
 15265 | Lair:2   | Gained mutation: A powerful demonic guardian rushes to your
                  | aid. [demonic ancestry]
 15265 | Lair:2   | Reached XP level 13. HP: 96/96 MP: 13/13
 15800 | Lair:3   | Found a hole to the Spider Nest.
 15918 | Lair:3   | Found a runed translucent door.
 15920 | Lair:3   | Noticed Zonian's ghost (journeyman VSGl)
 15923 | Lair:3   | Identified the +5 spear "Beetleslayer" {freeze, rPois}
 15948 | Lair:3   | Found a staircase to the Shoals.
 16596 | Lair:3   | Reached skill level 13 in Long Blades
 16914 | Lair:4   | Found a gate leading to a gauntlet.
 16931 | Gauntlet | Entered a Gauntlet
 16931 | Gauntlet | Found a transporter.
 16947 | Gauntlet | Found a transporter.
 16949 | Gauntlet | Found a transporter.
 16971 | Gauntlet | Found a transporter.
 16978 | Gauntlet | Found a transporter.
 16993 | Gauntlet | Found a transporter.
 16998 | Gauntlet | Found a transporter.
 17013 | Gauntlet | Found a transporter.
 17032 | Gauntlet | Found a transporter.
 17042 | Gauntlet | Noticed a dire elephant
 17043 | Gauntlet | Identified a scroll of acquirement
 17044 | Gauntlet | Found a transporter.
 17055 | Gauntlet | Found a transporter.
 17078 | Gauntlet | Found a transporter.
 17097 | Gauntlet | Found a transporter.
 17101 | Gauntlet | Noticed a dire elephant
 17115 | Gauntlet | Found a transporter.
 17119 | Gauntlet | Noticed a reaper
 17121 | Gauntlet | Found a transporter.
 17121 | Gauntlet | Found a transporter.
 17165 | Gauntlet | Found a transporter.
 17291 | Gauntlet | Found a transporter.
 17476 | Gauntlet | Identified the +2 cloak of Abstinence {Fly rElec rCorr
                  | Str+3}
 17541 | Gauntlet | Killed a dire elephant
 17566 | Gauntlet | Identified the ring "Erujeo" {rPois rC+++ rN+ Int-5 SInv
                  | Stlth+}
 17657 | Gauntlet | Identified the +7 arbalest of Charity {freeze, *Corrode
                  | rPois rC+++ Int+4}
 17657 | Gauntlet | Identified the +6 trident of the Wraith {heavy, rN+ Str+5}
 17657 | Gauntlet | Noticed a minotaur
 17716 | Gauntlet | Killed a minotaur
 17939 | Lair:4   | Noticed Snorg
 17954 | Lair:4   | Killed Snorg
 18110 | Lair:4   | Found a staircase to the Slime Pits.
 18806 | Lair:4   | Identified the +0 robe of the Morning Star {rElec Int+3
                  | Dex+3}
 19321 | Lair:5   | Entered Level 5 of the Lair of Beasts
 19350 | Lair:5   | Reached skill level 14 in Long Blades
 19800 | Lair:5   | Reached XP level 14. HP: 81/106 MP: 14/14
 19978 | Lair:5   | Found a runed translucent gate.
 19978 | Lair:5   | Found a runed translucent gate.
 19979 | Lair:5   | Found a runed translucent gate.
 20030 | Lair:5   | Noticed wolfgangpup's ghost (journeyman MiFi)
 21255 | Lair:5   | Found a burning altar of Makhleb.
 21278 | Lair:5   | Slain by an ice devil

Illustrated notes

Levels and vault maps discovered:
D:1:      elethiomel_arrival_quiet, layout_basic,
          chequers_ecumenical_altar_island, serial_shops,
          nicolae_shop_just_a_little_nook
D:2:      layout_loops_ring, serial_shops, shop, basic_altar, uniq_robin,
          uniq_terence
D:3:      layout_rooms, lemuel_round_altar, elyvilon_altar_3,
          mainiacjoe_overflow_cross_hatched, mainiacjoe_overflow_catwalk_spiral,
          columned_hall_lemuel, st_stairs_9, uniq_crazy_yiuf_cottage
D:4:      minmay_recursive_quarters, layout_basic, uniq_edmund
D:5:      layout_loops_ring, uniq_prince_ribbit1, uniq_duvessa
D:6:      layout_gridville, minmay_temple_entry_arrows
D:7:      hangedman_cross_stitches, layout_basic
D:8:      layout_rooms, nicolae_lava_and_water
D:9:      layout_small_grid, okawaru_ov_weapons_minmay,
          nicolae_yredelemnul_corpse_copse, lair_entry_dummy
D:10:     layout_irregular_city, zin_angel
D:11:     layout_gridville
D:12:     layout_loops_cross, orc_0_dummy
D:13:     layout_big_octagon, david_vaults_3, grunt_dithmenos_shadows,
          uniq_sonja
Temple:   minmay_temple_curvy_branch
Lair:1:   layout_roguey [special_room_bee]
Lair:2:   layout_cave_pods, gammafunk_ghost_split, lemuel_fruit_fields,
          grunt_megastairs_4, infiniplex_staircase_pool_2
Lair:3:   layout_regular_city, minmay_shoals_entry_centaurs,
          nicolae_spider_entry_non_spiders, ebering_ghost_funeral_grove,
          chequers_serial_rivers_small_3
Lair:4:   layout_cave_pods, minmay_slime_entry_jelly_boxes,
          gauntlet_entry_generic, uniq_snorg
Lair:5:   evil_forest, layout_small_grid, gammafunk_ghost_icy

Skill      XL: |  1  2  3  4  5  6  7  8  9 10 11 12 13 |
---------------+----------------------------------------+-----
Axes           | 2 3 4 5 6 7 8 9 |  9.4
Armour         | 3 4 6 7 8 9 10 11 | 11.4
Shields        | 3 4 5 6 7 |  7.5
Long Blades    | 2 3 4 6 8 9 11 12 14 | 14.3
Fighting       | 4 5 6 7 8 |  8.9
Dodging        | 1 2 3 4 |  4.5
Stealth        | 1 2 |  2.5
Evocations     | 1 |  1.2
Maces & Flails | |  0.6
Unarmed Combat | |  0.6

Action                     |  1- 3 |  4- 6 |  7- 9 | 10-12 | 13-15 || total
---------------------------+-------+-------+-------+-------+-------++-------
  Melee: War axe           |    99 |    35 |       |       |       ||   134
         Falchion          |       |    91 |   345 |  1160 |   965 ||  2561
         Unarmed           |       |       |    12 |       |       ||    12
         Mace              |       |       |       |    13 |       ||    13
 Invoke: Serpent's Lash    |       |       |       |     1 |     1 ||     2
         Heavenly Storm    |       |       |       |       |     1 ||     1
Ability: Lunge             |       |       |     6 |    32 |    15 ||    53
         Whirlwind         |       |       |    22 |   229 |   114 ||   365
         Wall Jump         |       |       |       |    60 |    39 ||    99
         Evoke Blink       |       |       |       |     2 |       ||     2
  Evoke: Wand              |       |       |       |    11 |     3 ||    14
    Use: Potion            |     2 |     4 |     3 |     6 |     5 ||    20
         Scroll            |     1 |     2 |    16 |     8 |     1 ||    28
   Stab: Distracted        |       |       |       |     2 |     3 ||     5
 Armour: Scale mail        |    15 |       |       |       |       ||    15
         Chain mail        |    44 |    55 |   150 |   371 |   239 ||   859
         Skin              |       |     2 |     2 |       |       ||     4
  Dodge: Dodged            |    34 |    24 |   315 |   647 |   417 ||  1437
  Block: Buckler           |    28 |    25 |   117 |   273 |   339 ||   782
         Reflection        |       |       |       |       |    10 ||    10

Table legend: (Time is in decaauts)
 A = Elapsed time spent in this place.
 B = Non-inter-level travel time spent in this place.
 C = Inter-level travel time spent in this place.
 D = Time resting spent in this place.
 E = Time spent auto-exploring this place.
 F = Levels seen in this place.
 G = Mean time per level.
                   A        B        C        D        E       F      G
               +--------+--------+--------+--------+--------+-----+--------+
         Total |  21163 |  19629 |   1534 |   3609 |   8535 |  20 | 1058.2 |
       Dungeon |  12785 |  11667 |   1118 |   2399 |   5449 |  13 |  983.5 |
        Temple |    260 |    256 |      4 |      0 |    235 |   1 |  260.0 |
          Lair |   7174 |   6763 |    411 |   1110 |   2702 |   5 | 1434.8 |
      Gauntlet |    942 |    942 |      0 |     99 |    149 |   1 |  942.0 |
               +--------+--------+--------+--------+--------+-----+--------+

Top non-repeatable levels by time:
     D:9: 1833 daAuts
  Lair:5: 1611 daAuts
  Lair:1: 1578 daAuts
     D:7: 1563 daAuts
  Lair:4: 1513 daAuts
  Lair:3: 1378 daAuts
    D:11: 1247 daAuts
  Lair:2: 1092 daAuts
    D:10: 1067 daAuts
    D:12: 1049 daAuts
     D:6: 1004 daAuts
     D:4: 984 daAuts
Gauntlet: 942 daAuts
     D:3: 896 daAuts
     D:5: 803 daAuts
